 Dungeon Crawl Stone Soup version 0.25-a0-647-gd602d06ee1 (webtiles) character file.

Game seed: 4869517935995789361, levelgen mode: deterministic

399 twist the Charmwright (level 6, -11/32 HPs)
             Began as a Vine Stalker Skald on Mar 21, 2020.
             Killed by divine providence
             ... invoked by an orc priest
              (15 damage)
             ... on level 4 of the Dungeon.
             The game lasted 00:07:36 (3934 turns).

twist the Charmwright (Vine Stalker Skald)          Turns: 3934, Time: 00:07:37

Health: -11/32     AC:  8    Str: 13    XL:     6   Next: 84%
Magic:  0/12       EV: 10    Int: 13    God:
Gold:   156        SH:  0    Dex: 16    Spells: 7/12 levels left

rFire    . . .     SeeInvis .   a - +0 hand axe
rCold    . . .     Gourm    .   (no shield)
rNeg     . . .     Faith    .   p - +2 scale mail
rPois    .         Spirit   +   (no helmet)
rElec    .         Reflect  .   (no cloak)
rCorr    .         Harm     .   (no gloves)
MR       .....                  (no boots)
Stlth    ..........             (no amulet)
HPRegen  0.50/turn              (no ring)
MPRegen  0.13/turn              (no ring)

@: shrouded
A: fangs 2, regeneration 1, magic shield, antimagic bite, no potion heal 3, rot
immunity
a: no special abilities


You were on level 4 of the Dungeon.
You were not hungry.

You visited 1 branch of the dungeon, and saw 4 of its levels.
You also visited: Sewer.

You collected 156 gold pieces.

Inventory:

Hand Weapons
 a - a +0 hand axe (weapon)
 b - a +0 hunting sling
Missiles
 l - 60 sling bullets
Armour
 k - a +1 leather armour
 p - a +2 scale mail (worn)
Scrolls
 o - a scroll of random uselessness
Potions
 c - 4 potions of curing
 f - a potion of lignification
 g - a potion of cancellation
 j - a potion of degeneration {unknown}
 q - a potion of magic {unknown}
 r - a potion of might {unknown}
 s - a potion of berserk rage {unknown}
Comestibles
 d - 3 rations


   Skills:
 + Level 2.9 Fighting
 + Level 3.1 Axes
 + Level 2.2 Armour
 + Level 2.7 Dodging
 + Level 3.5 Spellcasting
 + Level 4.1 Charms


You had 7 spell levels left.
You knew the following spells:

 Your Spells              Type           Power        Failure   Level  Hunger
a - Infusion              Chrm           ##..         19%         1    #......
b - Song of Slaying       Chrm           ##......     28%         2    ##.....
c - Shroud of Golubria    Chrm/Tloc      #.....       54%         2    ##.....

Your spell library contained the following spells:

 Spells                   Type           Power        Failure   Level  Hunger
 Ozocubu's Armour         Chrm/Ice       #.......     78%         3    ###....
 Spectral Weapon          Hex/Chrm       #.......     78%         3    ###....


Dungeon Overview and Level Annotations

Branches:
Dungeon (4/15)              Sewer (visited)
 Temple: D:4-7

Altars:
Hepliaklqana
Qazlal


Innate Abilities, Weirdness & Mutations

You have extremely sharp teeth.
Your natural rate of healing is unusually fast.
When hurt, damage is shared between your health and your magic reserves.
Your bite disrupts and absorbs the magic of your enemies.
Potions cannot restore your health.
You are immune to rotting.


Message History

* * * LOW HITPOINT WARNING * * *
You closely miss the orc.
The orc is heavily wounded.
The orc hits you with a +0 club.
* * * LOW HITPOINT WARNING * * *
Unknown command.
You hit the orc but do no damage.
The orc is heavily wounded.
The orc closely misses you.
You hit the orc. Your bite misses the orc.
The orc is almost dead.
The orc priest casts a cantrip, but nothing happens.
The orc hits you but does no damage.
Your scale mail prevents you from hitting the orc.
The orc is severely wounded.
The orc priest looks encouraged for a moment.
The orc hits you but does no damage.
The orc priest mumbles some strange prayers to Beogh against you.
Beogh smites you!
You die...

#≈.......#
#≈.....#.#
##≈.......#
#≈≈.......#
≈≈........#
........s.#
....o..ooo#
...o...#o##
......##@##
.o...###..##
......#....#
.##........#
##......##
#...#....##
##.##.....#
#...##...##
#....#....###


You could see a scorpion, an orc priest and 3 orcs.

Vanquished Creatures
  An ogre (D:3)
  A big kobold (Sewer)
  A scorpion (D:4)
  6 adders
  2 oozes
  7 worms
  3 dart slugs (D:1)
  4 leopard geckos
  8 orcs
  3 giant cockroaches
  12 goblins
  5 hobgoblins
  14 jackals
  6 bats
  8 frilled lizards
  9 kobolds
  8 rats
98 creatures vanquished.

Notes
Turn   | Place    | Note
-------+----------+-------------------------------------------
     0 | D:1      | twist the Vine Stalker Skald began the quest for the Orb.
     0 | D:1      | Reached XP level 1. HP: 11/11 MP: 4/4
   263 | D:1      | Reached XP level 2. HP: 13/15 MP: 6/6
   285 | D:1      | Reached skill level 1 in Armour
   481 | D:1      | Learned a level 2 spell: Song of Slaying
   501 | D:1      | Learned a level 2 spell: Shroud of Golubria
   766 | D:1      | Reached XP level 3. HP: 18/18 MP: 2/7
  1552 | D:2      | Gained mutation: Your natural rate of healing is unusually
                  | fast. [Vine Stalker growth]
  1552 | D:2      | Reached XP level 4. HP: 10/23 MP: 6/8
  2478 | D:3      | Reached XP level 5. HP: 26/26 MP: 8/10
  2550 | D:3      | Found a glowing drain.
  2575 | Sewer    | Entered a sewer
  2657 | Sewer    | Noticed a big kobold
  2682 | Sewer    | Killed a big kobold
  2723 | Sewer    | Found a white marble altar of Elyvilon.
  2832 | D:3      | Reached XP level 6. HP: 21/32 MP: 9/11
  3706 | D:3      | Reached skill level 4 in Charms
  3746 | D:4      | Found a hazy altar of Hepliaklqana.
  3826 | D:4      | Found a stormy altar of Qazlal.
  3934 | D:4      | Killed from afar by an orc priest

Levels and vault maps discovered:
D:1:      dpeg_arrival_arbitrary_c, layout_basic
D:2:      layout_loops_corners, serial_forest, infiniplex_forest_clump_small,
          infiniplex_forest_straight_3, infiniplex_forest_straight_1,
          infiniplex_forest_clump_diagonal, infiniplex_forest_clump_long,
          infiniplex_forest_corner_2, infiniplex_forest_corner_1,
          minmay_heptomino_d4
D:3:      layout_basic, cheibrodos_sewer_entry_bend
D:4:      layout_cave_pools, lemuel_round_altar, ebering_ghost_disaster_area,
          kennysheep_decorative_pillar, nicolae_qazlal_eye_of_the_storm

Skill      XL: |  1  2  3  4  5  6 |
---------------+-------------------+-----
Armour         | 1 2 |  2.2
Axes           | 2 3 |  3.1
Fighting       | 2 |  2.9
Dodging        | 2 |  2.7
Spellcasting   | 3 |  3.5
Charms         | 4 |  4.1

Action                   |  1- 3 |  4- 6 || total
-------------------------+-------+-------++-------
Melee: Hand axe          |   116 |   229 ||   345
       Bite              |    25 |    57 ||    82
 Fire: Hunting sling     |       |     1 ||     1
 Cast: Infusion          |     2 |     4 ||     6
       Shroud of Golubri |       |     2 ||     2
  Use: Scroll            |       |    10 ||    10
       Potion            |       |     4 ||     4
  Eat: Chunk             |     2 |     8 ||    10
Armor: Leather armour    |    23 |    53 ||    76
       Scale mail        |       |    18 ||    18
Dodge: Dodged            |    79 |   159 ||   238

Table legend:
 A = Non-vault XP
 B = Vault XP
 C = Vault XP percentage of total XP
 D = Non-vault monster count
 E = Vault monster count
 F = Vault count percentage of total count
                 A         B        C        D         E       F
            +---------+---------+-------+---------+---------+-------
      Total |     443 |     127 |  22.3 |      84 |      14 |  14.3
            +---------+---------+-------+---------+---------+-------
        D:1 |      37 |       0 |   0.0 |      19 |       0 |   0.0
        D:2 |      77 |       4 |   4.9 |      28 |       2 |   6.7
        D:3 |     226 |       5 |   2.2 |      32 |       1 |   3.0
        D:4 |     103 |       0 |   0.0 |       5 |       0 |   0.0
      Sewer |       0 |     118 | 100.0 |       0 |      11 | 100.0
            +---------+---------+-------+---------+---------+-------
